 Dungeon Crawl Stone Soup version 0.22.0-5-gf09313c (webtiles) character file.

426 Gorglomux the Cutter (level 6, -1/33 HPs)
             Began as a Vine Stalker Gladiator on Aug 13, 2018.
             Succumbed to a killer bee's poison
             ... on level 4 of the Dungeon.
             The game lasted 00:01:31 (2735 turns).

Gorglomux the Cutter (Vine Stalker Gladiator)       Turns: 2735, Time: 00:01:31

Health: -1/33      AC: 12    Str: 24    XL:     6   Next: 97%
Magic:  5/7        EV:  9    Int: 13    God:
Gold:   147        SH:  0    Dex: 15    Spells: 5/5 levels left

rFire    . . .     SeeInvis .   a - +0 rapier
rCold    . . .     Gourm    .   (no shield)
rNeg     . . .     Faith    .   V - +0 chain mail
rPois    .         Spirit   +   J - +0 helmet
rElec    .         Reflect  .   I - +0 cloak
rCorr    .         Harm     .   S - +0 pair of gloves
MR       .....                  (no boots)
Stlth    ..........             (no amulet)
HPRegen  0.51/turn              (no ring)
MPRegen  0.10/turn              (no ring)

@: mighty, brilliant, lethally poisoned (-1 -> -10)
A: fangs 2, regeneration 1, magic shield, antimagic bite, no potion heal 3, rot
immunity
a: no special abilities


You were on level 4 of the Dungeon.
You were not hungry.

You visited 1 branch of the dungeon, and saw 4 of its levels.

You collected 147 gold pieces.

Inventory:

Hand Weapons
 a - a +0 rapier (weapon)
Missiles
 Z - 5 throwing nets (quivered)
Armour
 I - a +0 cloak (worn)
 J - a +0 helmet (worn)
 S - a +0 pair of gloves (worn)
 V - a +0 chain mail (worn)
Jewellery
 H - an uncursed ring of fire {unknown}
 N - an uncursed amulet of the gourmand {unknown}
Scrolls
 D - 2 scrolls of identify {unknown}
 E - a scroll of magic mapping {unknown}
 F - a scroll of blinking {unknown}
 P - 2 scrolls of teleportation {unknown}
 Q - 5 scrolls of fear {unknown}
 T - a scroll of enchant weapon {unknown}
 U - a scroll of enchant armour {unknown}
 W - 3 scrolls of fog {unknown}
 X - 6 scrolls of remove curse {unknown}
 Y - 2 scrolls of amnesia {unknown}
Potions
 G - a potion of mutation {unknown}
 K - a potion of haste {unknown}
 L - a potion of agility {unknown}
 M - a potion of degeneration {unknown}
 O - 2 potions of brilliance
 R - a potion of lignification {unknown}
Comestibles
 f - 4 rations


   Skills:
 + Level 4.0 Fighting
 + Level 4.5 Short Blades
 - Level 1.7 Throwing
 + Level 3.0 Armour
 - Level 2.4 Dodging


You had 5 spell levels left.
You didn't know any spells.
Your spell library was empty.

Dungeon Overview and Level Annotations

Branches:
Dungeon (4/15)
 Temple: D:4-7

Altars:
Sif Muna
Trog


Innate Abilities, Weirdness & Mutations

You have extremely sharp teeth.
Your natural rate of healing is unusually fast.
When hurt, damage is shared between your health and your magic reserves.
Your bite disrupts and absorbs the magic of your enemies.
Potions cannot restore your health.
You are immune to rotting.


Message History

* * * don't die
* * * You feel sick!
The killer bee stings you but does no damage!
The giant cockroach bites you but does no damage!
Unknown command!
You closely miss the killer butt!
Your bite misses the killer bee! * * * don't die
* * * You feel sick!
The killer bee stings you but does no damage!
The killer bee stings you! * * * don't die
* * * You are more poisoned!
The killer bee poisons you!!!
The giant cockroach butts butt but does no damage!
Okay, then! * * * don't butt
* * * You feel sick!
The killer bee barely misses you! The killer bee stings you!
It was a potion of brilliance!
You feel clever all of a sudden! rip

. .......# #
.#####.......# #.
#............##
#.##.#.... .......
#....#.#.# .......
###........# .......
.........s##.......
.###.#....@y†........
..........##......###
....#.<#..+......#
....[.######.........
..... ....###... ....
####+# .. ... # .. .


You could see a killer bee and a giant cockroach.

Vanquished Creatures
  A bullfrog (D:3)
  2 killer bees (D:4)
  An orc priest (D:3)
  Natasha (thrice) (D:3)
  Robin (D:3)
  6 adders
  An ooze (D:1)
  4 dart slugs
  5 leopard geckos
  4 orcs (D:3)
  6 bats
  6 giant cockroaches
  13 goblins
  9 hobgoblins
  3 jackals (D:3)
  7 kobolds
  3 ball pythons
  3 frilled lizards (D:1)
  7 rats
85 creatures vanquished.

Notes
Turn   | Place    | Note
-------+----------+-------------------------------------------
     0 | D:1      | Gorglomux the Vine Stalker Gladiator began the quest for the Orb.
     0 | D:1      | Reached XP level 1. HP: 11/11 MP: 2/2
    19 | D:1      | Reached XP level 2. HP: 14/15 MP: 3/3
   173 | D:1      | Reached skill level 3 in Short Blades
   250 | D:1      | Reached skill level 1 in Armour
   352 | D:1      | Reached XP level 3. HP: 18/18 MP: 4/4
  1074 | D:2      | Gained mutation: Your natural rate of healing is unusually fast. [Vine Stalker growth]
  1074 | D:2      | Reached XP level 4. HP: 23/23 MP: 5/5
  1134 | D:2      | Found a deep blue altar of Sif Muna.
  1728 | D:3      | Found a bloodstained altar of Trog.
  1815 | D:3      | Noticed a bullfrog
  1825 | D:3      | Killed a bullfrog
  1825 | D:3      | Reached skill level 3 in Fighting
  1825 | D:3      | Reached XP level 5. HP: 28/28 MP: 6/6
  1936 | D:3      | Noticed Natasha
  1947 | D:3      | Killed Natasha
  2023 | D:3      | Noticed Natasha
  2035 | D:3      | Reached XP level 6. HP: 28/32 MP: 7/7
  2036 | D:3      | Noticed Robin
  2045 | D:3      | Killed Natasha
  2068 | D:3      | Killed Robin
  2073 | D:3      | Noticed Natasha
  2096 | D:3      | Killed Natasha
  2731 | D:4      | Reached skill level 3 in Armour
  2734 | D:4      | HP: 1/33 [poisoned by a killer bee]
  2735 | D:4      | Succumbed to a killer bee's poison

Skill      XL: |  1  2  3  4  5  6 |
---------------+-------------------+-----
Fighting       | 2 3 4 |  4.0
Short Blades   | 3 4 |  4.5
Armour         | 1 2 3 |  3.0
Throwing       | |  1.7
Dodging        | |  2.4

Action                   |  1- 3 |  4- 6 || total
-------------------------+-------+-------++-------
Melee: Rapier            |    85 |   192 ||   277
       Bite              |    20 |    58 ||    78
  Use: Potion            |       |     2 ||     2
  Eat: Chunk             |     1 |     5 ||     6
Armor: Leather armour    |     4 |       ||     4
       Chain mail        |    51 |   135 ||   186
Dodge: Dodged            |    53 |    92 ||   145
